 Dungeon Crawl Stone Soup version 0.31.0-11-ge490571c62 (webtiles) character file.

Game seed: 4407231549631387339

488 qw the Shooter (level 6, -3/30 HPs)
             Began as a Spriggan Hunter on Feb 3, 2024.
             Slain by a troll zombie (6 damage)
             ... in an ossuary.
             The game lasted 00:00:57 (3076 turns).

qw the Shooter (Spriggan Hunter)                    Turns: 3076, Time: 00:00:58

Health: -3/30      AC:  6    Str:  7    XL:     6   Next: 90%
Magic:  7/7        EV: 21    Int: 10    God:
Gold:   38         SH:  0    Dex: 21    Spells: 5/5 levels left

rFire   . . .        a - +2 shortbow
rCold   . . .        (shield currently unavailable)
rNeg    + . .        l - +1 robe of Gozag's Condemnation {rN+ rCorr Stlth+}
rPois   .            (helmet restricted)
rElec   .            e - +2 cloak
rCorr   +            (gloves unavailable)
SInv    +            (boots unavailable)
Will    +....        (no amulet)
Stlth   +++          (no ring)
HPRegen 0.25/turn    (no ring)
MPRegen 0.10/turn

%: no passive effects
@: about to teleport, very quick
A: very small, no large weapons, unfitting armour, see invisible, speed 3
a: no special abilities


You were in an ossuary.
You visited 1 branch of the dungeon, and saw 5 of its levels.
You also visited: Ossuary.

You collected 142 gold pieces.
You spent 104 gold pieces at shops.


Innate Abilities, Weirdness & Mutations

You are very small and have problems with some larger weapons.
You are too small for most types of armour.
You have supernaturally acute eyesight. (SInv)
You cover ground extremely quickly. (Speed+++)


   Skills:
 - Level 2.2 Fighting
 + Level 6.9 Ranged Weapons
 - Level 6.1 Dodging
 - Level 1.5 Stealth


You had 5 spell levels left.
You didn't know any spells.
Your spell library was empty.

Inventory:

Hand Weapons
 a - a +2 shortbow (weapon)
Armour
 e - a +2 cloak (worn)
 l - the +1 robe of Gozag's Condemnation (worn) {rN+ rCorr Stlth+}
   (You found it on level 3 of the Dungeon)

   rN+:       It protects you from negative energy.
   rCorr:     It protects you from acid and corrosion.
   Stlth+:    It makes you more stealthy.
Wands
 k - a wand of flame (11)
Scrolls
 g - a scroll of teleportation
Potions
 b - a potion of enlightenment {unknown}
 c - a potion of ambrosia {unknown}
 d - 2 potions of curing
 f - 2 potions of mutation
 h - 2 potions of haste

Dungeon Overview and Level Annotations

Branches:
Dungeon (5/15)            Ossuary (1/1)
 Temple: D:4-7

Altars:
Nemelex Xobeh
Wu Jian

Shops:
D:3 *


Message History

You shoot an arrow. The arrow hits the mummy!
The mummy is almost destroyed.
The mummy completely misses you.
You shoot an arrow.
The arrow hits the mummy but does no damage.
The mummy is almost destroyed.
The mummy barely misses you.
You shoot an arrow. The arrow hits the mummy!
You destroy the mummy!
There is an open door here.
There is an open door here.
There is a click, and some walls slide away!
A troll zombie comes into view.
You shoot an arrow. The arrow hits the troll zombie.
The troll zombie is lightly damaged.
You shoot an arrow. The arrow hits the troll zombie.
The troll zombie is lightly damaged.
You shoot an arrow. The arrow hits the troll zombie!
The troll zombie is moderately damaged.
You shoot an arrow. The arrow hits the troll zombie!
The troll zombie is moderately damaged.
You shoot an arrow. The arrow hits the troll zombie!
The troll zombie is heavily damaged.
You shoot an arrow. The arrow hits the troll zombie.
The troll zombie is heavily damaged.
The troll zombie barely misses you. The troll zombie claws you!
The troll zombie completely misses you.
You shoot an arrow. The arrow hits the troll zombie.
The troll zombie is severely damaged.
The troll zombie bites you. The troll zombie misses you.
The troll zombie claws you!
You shoot an arrow. The arrow hits the troll zombie!
The troll zombie is almost destroyed.
The troll zombie bites you! The troll zombie misses you.
The troll zombie barely misses you.
3076 ||| READING 2 scrolls of teleportation.
As you read the scroll of teleportation, it crumbles to dust.
You feel strangely unstable. The troll zombie closely misses you.
The troll zombie claws you.
You die...

###+###'###'###'###..#
#...#...#...#..#
###'#######.#..# #
#....# . #.#..# #.
#....# .. ###..# .#..
#....#... +..# .....
#........ #..#
......#.'....##
.......@Z......
...............
.....???.......
....!!$??......
##..?$\$/..####
....!?$!?...
.....!!!.....
..............


You could see a troll zombie.

Vanquished Creatures
  An elf zombie (Ossuary)
  An elf skeleton (D:5)
  A human zombie (D:5)
  A human skeleton (D:5)
  Natasha (twice) (D:3)
  Terence (D:3)
  An iguana (D:4)
  6 mummies (Ossuary)
  5 adders
  An adder zombie (Ossuary)
  2 dart slugs
  A ribbon worm (D:2)
  10 orcs
  3 bats
  9 endoplasms
  A giant cockroach (D:1)
  7 goblins
  2 hobgoblins
  A quokka (D:1)
  6 ball pythons
  4 frilled lizards
  5 kobolds
  A kobold zombie (Ossuary)
  An orc skeleton (D:5)
  An orc zombie (D:5)
  2 rats
  A rat zombie (Ossuary)
77 creatures vanquished.

Notes
Turn   | Place    | Note
-------+----------+-------------------------------------------
     0 | D:1      | qw the Spriggan Hunter began the quest for the Orb.
     0 | D:1      | Reached XP level 1. HP: 10/10 MP: 2/2
     0 | D:1      | 0 ||| qw: Version: 0.3-a-155-g5e7d8dd
     0 | D:1      | 0 ||| qw: Game counter: 3406
     0 | D:1      | 0 ||| qw: Melee chars always use a shield: true
     0 | D:1      | 0 ||| qw: God list: Okawaru
     0 | D:1      | 0 ||| qw: Allow faded altars: false
     0 | D:1      | 0 ||| qw: Do Orc after clearing Dungeon:15 true
     0 | D:1      | 0 ||| qw: Do second Lair branch before Depths: true
     0 | D:1      | 0 ||| qw: Lair rune preference: random
     0 | D:1      | 0 ||| qw: Goals: Normal
     0 | D:1      | 0 ||| PLANNING D:1-11
    89 | D:1      | Reached skill level 3 in Dodging
   240 | D:1      | Reached XP level 2. HP: 14/14 MP: 3/3
   677 | D:1      | 677 ||| UPGRADING to +0 cloak.
   682 | D:1      | 682 ||| READING scroll labelled DODGHU ATOSTREGEMP.
   682 | D:1      | 682 ||| ENCHANTING +0 cloak.
   683 | D:1      | 683 ||| READING scroll labelled CAEBRUHAERCH.
   683 | D:1      | 683 ||| IDENTIFYING smoky coppery potion
   684 | D:1      | 684 ||| DROPPING scroll of butterflies.
   717 | D:2      | Reached XP level 3. HP: 18/18 MP: 4/4
   790 | D:2      | 790 ||| READING scroll of enchant armour.
   790 | D:2      | 790 ||| ENCHANTING +1 cloak.
  1040 | D:2      | 1040 ||| READING 2 scrolls of identify.
  1040 | D:2      | 1040 ||| IDENTIFYING lumpy amethyst potion
  1041 | D:2      | 1041 ||| READING scroll of identify.
  1041 | D:2      | 1041 ||| IDENTIFYING metallic coppery potion
  1042 | D:2      | 1042 ||| READING scroll labelled YCUSEQ XYM UGO.
  1202 | D:3      | Reached XP level 4. HP: 22/22 MP: 5/5
  1222 | D:3      | Noticed Terence
  1231 | D:3      | Killed Terence
  1379 | D:3      | Found a sparkling altar of Nemelex Xobeh.
  1507 | D:3      | 1507 ||| FLEEEEING.
  1630 | D:3      | Found Rudosa's Assorted Antiques.
  1637 | D:3      | 1637 ||| SHOPLISTING brass ring (130 gold, have 118).
  1637 | D:3      | 1637 ||| BUYING iron wand (104 gold).
  1637 | D:3      | Bought an iron wand for 104 gold pieces
  1637 | D:3      | 1637 ||| SHOPLISTING scroll labelled TIPOUTRUC (26 gold,
                  | have 14).
  1637 | D:3      | 1637 ||| SHOPLISTING scroll of identify (52 gold, have 14).
  1673 | D:3      | Noticed Natasha
  1681 | D:3      | Killed Natasha
  1682 | D:3      | Reached XP level 5. HP: 23/26 MP: 6/6
  1734 | D:3      | Identified the +1 robe of Gozag's Condemnation {rN+ rCorr
                  | Stlth+}
  1776 | D:3      | Noticed Natasha
  1779 | D:3      | 1779 ||| FLEEEEING.
  1780 | D:3      | 1780 ||| FLEEEEING.
  1781 | D:3      | 1781 ||| FLEEEEING.
  1782 | D:3      | 1782 ||| FLEEEEING.
  1783 | D:3      | 1783 ||| FLEEEEING.
  1784 | D:3      | 1784 ||| FLEEEEING.
  1785 | D:3      | 1785 ||| FLEEEEING.
  1798 | D:3      | Killed Natasha
  2023 | D:3      | 2023 ||| UPGRADING to +1 robe of Gozag's Condemnation {rN+
                  | rCorr Stlth+}.
  2033 | D:3      | 2033 ||| DROPPING +0 robe.
  2034 | D:3      | 2034 ||| READING 2 scrolls labelled BEORAM JIATU.
  2037 | D:3      | 2037 ||| READING scroll labelled KECRAV MOATUB.
  2038 | D:3      | 2038 ||| READING 2 scrolls labelled XAB MUENIRURPH.
  2038 | D:3      | 2038 ||| ENCHANTING +0 shortbow.
  2039 | D:3      | 2039 ||| READING scroll of enchant weapon.
  2039 | D:3      | 2039 ||| ENCHANTING +1 shortbow.
  2197 | D:4      | Found an ornate altar of the Wu Jian Council.
  2703 | D:4      | 2703 ||| DROPPING ring of wizardry.
  2704 | D:4      | 2704 ||| READING scroll labelled NAAWUOLAIC.
  2730 | D:5      | Entered Level 5 of the Dungeon
  2731 | D:5      | 2731 ||| PLANNING OSSUARY
  2778 | D:5      | Reached skill level 6 in Ranged Weapons
  2814 | D:5      | Reached XP level 6. HP: 16/30 MP: 7/7
  2879 | D:5      | Reached skill level 6 in Dodging
  2882 | D:5      | Found a sand-covered staircase.
  2887 | Ossuary  | Entered an ossuary
  3028 | Ossuary  | 3028 ||| RETREEEEATING.
  3039 | Ossuary  | 3039 ||| RETREEEEATING.
  3040 | Ossuary  | 3040 ||| RETREEEEATING.
  3041 | Ossuary  | 3041 ||| RETREEEEATING.
  3042 | Ossuary  | 3042 ||| RETREEEEATING.
  3075 | Ossuary  | HP: 3/30 [troll zombie (7)]
  3076 | Ossuary  | 3076 ||| READING 2 scrolls of teleportation.
  3076 | Ossuary  | Slain by a troll zombie

Levels and vault maps discovered:
D:1:      co_arrival_two_rings, layout_basic, chequers_mini_garden
D:2:      layout_rooms
D:3:      layout_basic, mainiacjoe_overflow_brackets, serial_shops,
          nicolae_shop_peninsula, uniq_terence, uniq_natasha
D:4:      layout_basic, mainiacjoe_overflow_alcove_4,
          hangedman_decor_clover_reticule, grunt_ministairs_2
D:5:      layout_loops_cross, zin_academy, nicolae_overflow_squiral,
          nicolae_ossuary_entry_catacombs, serial_undead, serial_undead_f,
          serial_undead_e, serial_undead_e, serial_undead_e, minmay_misc_feat_x,
          uniq_ijyb
Ossuary:  ossuary_boxes_badplayer

Skill      XL: |  1  2  3  4  5  6 |
---------------+-------------------+-----
Dodging        | 3 4 5 6 |  6.1
Ranged Weapons | 5 6 |  6.9
Fighting       | 2 |  2.2
Stealth        | |  1.5

Action                     |  1- 3 |  4- 6 || total
---------------------------+-------+-------++-------
   Fire: Shortbow          |   111 |   204 ||   315
    Use: Scroll            |     6 |     6 ||    12
 Armour: Robe              |     7 |    39 ||    46
  Dodge: Dodged            |    28 |    68 ||    96

Table legend:
 A = Non-vault XP
 B = Vault XP
 C = Vault XP percentage of total XP
 D = Non-vault monster count
 E = Vault monster count
 F = Vault count percentage of total count
                 A         B        C        D         E       F
            +---------+---------+-------+---------+---------+-------
      Total |     229 |     469 |  67.2 |      58 |      19 |  24.7
            +---------+---------+-------+---------+---------+-------
        D:1 |      28 |       0 |   0.0 |      15 |       0 |   0.0
        D:2 |      57 |       0 |   0.0 |      18 |       0 |   0.0
        D:3 |      78 |      72 |  48.0 |      11 |       2 |  15.4
        D:4 |      66 |      16 |  19.5 |      14 |       2 |  12.5
        D:5 |       0 |     169 | 100.0 |       0 |       5 | 100.0
    Ossuary |       0 |     212 | 100.0 |       0 |      10 | 100.0
            +---------+---------+-------+---------+---------+-------
